 Dungeon Crawl Stone Soup version 0.29.1-14-g9c671dbff4 (webtiles) character file.

Game seed: 4438180681257149726

0 Heoruswealwe the Caller (level 1, -2/10 HPs)
             Began as a Deep Elf Summoner on Feb 16, 2023.
             Frozen to death by an endoplasm (5 damage)
             ... on level 1 of the Dungeon.
             The game lasted 00:01:40 (93 turns).

Heoruswealwe the Caller (Deep Elf Summoner)           Turns: 93, Time: 00:01:41

Health: -2/10      AC:  2    Str:  5    XL:     1   Next: 8%
Magic:  3/6        EV: 12    Int: 19    God:
Gold:   9          SH:  0    Dex: 15    Spells: 5/6 levels left

rFire   . . .      SeeInvis .   (no weapon)
rCold   . . .      Faith    .   (no shield)
rNeg    . . .      Spirit   .   a - +0 robe
rPois   .          Reflect  .   (no helmet)
rElec   .          Harm     .   (no cloak)
rCorr   .          Rampage  .   (no gloves)
Will    .....                   (no boots)
Stlth   ++........              (no amulet)
HPRegen 0.03/turn               (no ring)
MPRegen 0.10/turn               (no ring)

@: no status effects
A: no striking features
a: no special abilities


You were on level 1 of the Dungeon.
You visited 1 branch of the dungeon, and saw 1 of its levels.

You collected 9 gold pieces.

Inventory:

Armour
 a - a +0 robe (worn)
 c - a +0 leather armour
Scrolls
 d - a scroll of teleportation {unknown}
Potions
 b - a potion of magic


   Skills:
 - Level 2.4 Dodging
 - Level 2.4 Stealth
 + Level 3.0 Spellcasting
 + Level 4.4 Summonings


You had 5 spell levels left.
You knew the following spells:

 Your Spells              Type           Power      Damage    Failure   Level
a - Summon Small Mammal   Summ           76%        N/A       2%          1

Your spell library contained the following spells:

 Spells                   Type           Power      Damage    Failure   Level
 Call Imp                 Summ           19%        N/A       3%          2
 Call Canine Familiar     Summ           19%        N/A       8%          3
 Summon Guardian Golem    Hex/Summ       11%        N/A       19%         3
 Summon Lightning Spire   Summ/Air       11%        N/A       52%         4


Dungeon Overview and Level Annotations

Branches:
Dungeon (1/15)

Altars:


Message History

The endoplasm freezes you.
You are frozen.
Your quokka closely misses the hobgoblin.
Your quokka closely misses the hobgoblin.
The hobgoblin barely misses your quokka.
The endoplasm barely misses you.
Your quokka closely misses the hobgoblin.
The hobgoblin hits your quokka.
Casting: Summon Small Mammal (safe; 2% risk of failure)
Confirm with . or Enter, or press ? or * to list all spells.
Your quokka barely misses the hobgoblin.
The hobgoblin closely misses your quokka.
The endoplasm freezes you.
You are frozen.
* * * LOW HITPOINT WARNING * * *
Your quokka closely misses the hobgoblin.
Your bat hits the endoplasm. The hobgoblin hits your quokka.
Your quokka dies!
Your quokka's corpse disappears in a puff of smoke!
The endoplasm attacks as you move away! The endoplasm barely misses you.
Your bat hits the endoplasm but does no damage.
The endoplasm hits your bat.
Your bat hits the endoplasm but does no damage.
Your bat hits the endoplasm but does no damage. x2
Casting: Summon Small Mammal (safe; 2% risk of failure)
Confirm with . or Enter, or press ? or * to list all spells.
Your bat hits the endoplasm. The endoplasm misses you.
Your bat barely misses the hobgoblin.
You swap places.
The hobgoblin hits your bat.
Your bat dies!
Your bat's corpse disappears in a puff of smoke!
The endoplasm hits your rat.
Your rat dies!
Your rat's corpse disappears in a puff of smoke!
Casting: Summon Small Mammal (safe; 2% risk of failure)
Confirm with . or Enter, or press ? or * to list all spells.
The endoplasm freezes you.
You are frozen.
Ouch! That really hurt!
You die...

#####.......##...~~..##
$...........#.~~≈~~~~.#
#..b..#..≈~.~~..#
##..#####.......#
#..#### #######
#g##..## #~.≈#
#.#....#####'### #
#J#.#..###.....###
#@†....#8#..>..#.#
#b'....'.'..<..'.#
#.'....#8#.....#.#
###....###.....###
#....#####'### # ##..##
#≈.≈# #### #######
#.......# #...≈.≈§..#


You could see an endoplasm (ally target), a hobgoblin and a friendly bat
(summoned).

Vanquished Creatures (collateral kills)
  A rat (D:1)
1 creature vanquished.

Notes
Turn   | Place    | Note
-------+----------+-------------------------------------------
     0 | D:1      | Heoruswealwe the Deep Elf Summoner began the quest for the
                  | Orb.
     0 | D:1      | Reached XP level 1. HP: 10/10 MP: 6/6
    93 | D:1      | Frozen to death by an endoplasm

Illustrated notes

Levels and vault maps discovered:
D:1:      shiori_arrival_elements, layout_loops_ring, hex_medium

Action                   || total
-------------------------++-------
 Cast: Summon Small Mamm ||     5
Dodge: Dodged            ||     3
